 Dungeon Crawl Stone Soup version 0.29.0-10-g45618ea6d2 (webtiles) character file.

Game seed: 14875240014218226015

61 NotreDorf the Grave Robber (level 3, 0/26 HPs)
             Began as a Mummy Necromancer on Sept 1, 2022.
             Slain by an iguana (3 damage)
             ... on level 3 of the Dungeon.
             The game lasted 00:07:35 (2608 turns).

NotreDorf the Grave Robber (Mummy Necromancer)      Turns: 2608, Time: 00:07:36

Health: 0/26       AC:  3    Str: 13    XL:     3   Next: 83%
Magic:  1/7        EV: 12    Int: 14    God:
Gold:   93         SH:  0    Dex: 12    Spells: 4/8 levels left

rFire   x . .      SeeInvis .   f - +0 short sword
rCold   + . .      Faith    .   e - orb {light}
rNeg    + + +      Spirit   .   a - +0 robe
rPois   ∞          Reflect  .   (no helmet)
rElec   .          Harm     .   (no cloak)
rCorr   .          Rampage  .   i - +0 pair of gloves
Will    .....                   (no boots)
Stlth   +.........              (no amulet)
HPRegen 0.08/turn               (no ring)
MPRegen 0.10/turn               (no ring)

@: very slightly contaminated, glowing
A: cold resistance 1, negative energy resistance 3, torment resistance 2, heat
vulnerability 1, in touch with death 1, no potions
a: no special abilities


You were on level 3 of the Dungeon.
You visited 1 branch of the dungeon, and saw 3 of its levels.

You collected 93 gold pieces.

Inventory:

Hand Weapons
 f - a +0 short sword (weapon)
Missiles
 b - 3 poisoned darts
Armour
 a - a +0 robe (worn)
 e - an orb of light (worn)
 i - a +0 pair of gloves (worn)
Scrolls
 c - 2 scrolls of teleportation {unknown}
 d - 2 scrolls of poison {unknown}
 g - 5 scrolls of identify {unknown}


   Skills:
 + Level 1.5 Fighting
 + Level 1.2 Armour
 - Level 1.5 Dodging
 - Level 1.5 Stealth
 + Level 3.4 Spellcasting
 + Level 4.4 Necromancy


You had 4 spell levels left.
You knew the following spells:

 Your Spells              Type           Power      Damage    Failure   Level
a - Necrotise             Necr           88%        1d8       3%          1
b - Vampiric Draining     Necr           22%        2d7       10%         3

Your spell library contained the following spells:

 Spells                   Type           Power      Damage    Failure   Level
 Animate Dead             Necr           22%        N/A       32%         4
 Agony                    Necr           22%        N/A       67%         5


Dungeon Overview and Level Annotations

Branches:
Dungeon (3/15)

Altars:


Innate Abilities, Weirdness & Mutations

You are immune to poison.
Your flesh is cold resistant. (rC+)
You are immune to negative energy. (rN+++)
You are immune to unholy pain and torment.
You are vulnerable to heat. (rF-)
You are in touch with the powers of death.
You do not drink.


Message History

Confirm with . or Enter, or press ? or * to list all spells.
Aiming: Necrotise (safe; 3% risk of failure)
Press: ? - help, Shift-Dir - straight line, f/p - iguana
Aim: an iguana (ally target, haloed, chance to affect: 86%)
You feel a surge of power!
The iguana writhes in agony.
The iguana barely misses you.
Casting: Necrotise (safe; 3% risk of failure)
Confirm with . or Enter, or press ? or * to list all spells.
Aiming: Necrotise (safe; 3% risk of failure)
Press: ? - help, Shift-Dir - straight line, f/p - iguana
Aim: an iguana (lightly wounded, ally target, haloed, chance to affect: 86%)
You feel a surge of power!
The iguana writhes in agony!
Your kobold skeleton hits the iguana but does no damage.
The iguana bites you!
Casting: Necrotise (safe; 3% risk of failure)
Confirm with . or Enter, or press ? or * to list all spells.
Aiming: Necrotise (safe; 3% risk of failure)
Press: ? - help, Shift-Dir - straight line, f/p - iguana
Aim: an iguana (heavily wounded, ally target, haloed, chance to affect: 86%)
You feel a surge of power!
The iguana writhes in agony.
Your kobold skeleton hits the iguana but does no damage.
The iguana barely misses your kobold skeleton.
Casting: Necrotise (safe; 3% risk of failure)
Confirm with . or Enter, or press ? or * to list all spells.
Aiming: Necrotise (safe; 3% risk of failure)
Press: ? - help, Shift-Dir - straight line, f/p - iguana
Aim: an iguana (heavily wounded, not watching you, ally target, haloed, chance to affect: 86%)
You feel a surge of power!
The iguana barely resists.
Your kobold skeleton misses the iguana.
The iguana closely misses you.
Casting: Necrotise (safe; 3% risk of failure)
Confirm with . or Enter, or press ? or * to list all spells.
Aiming: Necrotise (safe; 3% risk of failure)
Press: ? - help, Shift-Dir - straight line, f/p - iguana
Aim: an iguana (heavily wounded, ally target, haloed, chance to affect: 86%)
You feel a surge of power!
The iguana barely resists.
Your kobold skeleton barely misses the iguana.
The iguana bites you.
* * * LOW HITPOINT WARNING * * *
The iguana attacks as you move away! The iguana bites you.
You die...

#....# #....##.. .
#.######....##.#.#
###.#.........##.#.#.###
..................>.....
#####.###....#.#$#.#.##
......<.....#.#.#
..##.####.#####.#.# ..
#.. ..<.....)..# .
....########@#.# ....
...!...lZ.# ....
..........+ ..........#
.<........# ...........
#####+###... ....


You could see an iguana (ally target) and a friendly kobold skeleton.

Vanquished Creatures
  A worm (D:2)
  4 dart slugs
  2 ball pythons
  6 endoplasms
  2 giant cockroaches
  7 goblins
  2 hobgoblins
  4 quokkas
  2 bats (D:1)
  3 frilled lizards
  5 kobolds
  A rat (D:3)
39 creatures vanquished.

Vanquished Creatures (collateral kills)
  An endoplasm (D:1)
  2 hobgoblins
3 creatures vanquished.

Grand Total: 42 creatures vanquished

Notes
Turn   | Place    | Note
-------+----------+-------------------------------------------
     0 | D:1      | NotreDorf the Mummy Necromancer began the quest for the
                  | Orb.
     0 | D:1      | Reached XP level 1. HP: 13/13 MP: 4/4
   239 | D:1      | Reached XP level 2. HP: 20/20 MP: 2/5
   724 | D:1      | Reached skill level 1 in Fighting
   973 | D:1      | Reached skill level 1 in Armour
   973 | D:1      | Gained mutation: You are in touch with the powers of death.
                  | [Mummy growth]
   973 | D:1      | Reached XP level 3. HP: 26/26 MP: 4/7
  1361 | D:1      | Learned a level 3 spell: Vampiric Draining
  2117 | D:2      | Identified the +0 rapier of Propriety {spect, *Noise rF+
                  | rN++}
  2439 | D:3      | Found a faded altar of an unknown god.
  2608 | D:3      | Slain by an iguana

Illustrated notes

Levels and vault maps discovered:
D:1:      dpeg_arrival_court, layout_basic, minivault_26,
          grunt_decor_resistance, serial_park_tiny_2, corexii_hall_statues_x
D:2:      layout_basic, minmay_misc_feat_ornament, kennysheep_cross_bottleneck
D:3:      layout_basic, lemuel_crystal_altar, slow_altar_2,
          gup_sewer_entry_spiral, hellmonk_ecumenical_altar_leap_of_faith

Skill      XL: |  1  2 |
---------------+-------+-----
Spellcasting   | 3 |  3.4
Fighting       | 1 |  1.5
Armour         | 1 |  1.2
Dodging        | |  1.5
Stealth        | |  1.5
Necromancy     | |  4.4

Action                   || total
-------------------------++-------
Melee: Unarmed           ||     3
       Short sword       ||     1
 Cast: Necrotise         ||    82
Armor: Robe              ||     3
Dodge: Dodged            ||    11
